[Event "Titled Tuesday Blitz January 03 Late 2023"]
[White "Derige Kane, Yan"]
[Black "Svane, Frederik"]
[WhiteFideId "20665431"]
[BlackFideId "12923044"]
[WhiteElo "2204"]
[BlackElo "2600"]
[Result "0-1"]
[Round "03"]
[TimeControl "180+2"]
[Date "2023.01.03"]
[WhiteClock "0:00:04"]
[BlackClock "0:00:05"]

1. d4 a6 2. e4 d6 3. Bd3 g6 4. Be3 Bg7 5. Nc3 Nf6 6. Qd2 Ng4 7. Bg5 Bxd4 8. Nh3 Nc6 9. O-O-O Nge5 10. Bh6 Bxh3 11. gxh3 Qd7 12. f4 Nxd3+ 13. Qxd3 O-O-O 14. Ne2 Bf6 15. a3 Qe6 16. Kb1 Rhe8 17. Rhe1 Bh4 18. Rf1 f5 19. Nc3 Bf6 20. exf5 Qxf5 21. Ne4 d5 22. Nc5 e6 23. Qb3 b6 24. Nxa6 Kb7 25. Nc5+ Kc8 26. Qa4 Nb8 27. Na6 Kb7 28. Nxb8 Rxb8 29. Rd3 Ra8 30. Qb5 Red8 31. Re1 Rd6 32. Rde3 Rc6 33. Qb3 Ra5 34. Qd3 Qxd3 35. cxd3 Rb5 36. b4 Bc3 37. R1e2 Bd4 38. Rxe6 Rc3 39. Ka2 Rxd3 40. h4 c5 41. Re7+ Ka6 42. Re8 cxb4 43. axb4 Rxb4 44. Ra8+ Kb5 45. Bf8 Ra4+ 46. Rxa4 Kxa4 47. f5 gxf5 48. Rg2 b5 49. Be7 b4 50. Kb1 b3 51. Kc1 Be3+ 52. Kb1 Rd1+ 53. Kb2 Bd4# 0-1


[Site "https://www.chess.com"]

[Event "Titled Tuesday Blitz January 03 Late 2023"]
[White "Sanal, Vahap"]
[Black "Carbone, Diego"]
[WhiteFideId "6300545"]
[BlackFideId "3002179"]
[WhiteElo "2600"]
[BlackElo "2336"]
[Result "1-0"]
[Round "03"]
[TimeControl "180+2"]
[Date "2023.01.03"]
[WhiteClock "0:02:17"]
[BlackClock "0:00:49"]

1. b3 d5 2. Bb2 Bg4 3. Nf3 Bxf3 4. exf3 Nf6 5. g3 e6 6. Bg2 c6 7. O-O Bd6 8. f4 O-O 9. d3 Nbd7 10. Nd2 Qe7 11. Nf3 Ba3 12. Bc3 Bb4 13. Bd4 Bc5 14. Bb2 Ba3 15. Qc1 Bxb2 16. Qxb2 a5 17. a3 Rfc8 18. Rfe1 Qc5 19. Re2 b5 20. Rae1 Nf8 21. Ne5 b4 22. a4 Ra7 23. h4 Ng6 24. Bh3 Nxe5 25. Rxe5 Qc3 26. Qxc3 bxc3 27. Rxe6 fxe6 28. Bxe6+ Kf8 29. Bxc8 d4 30. Re5 Nd5 31. Bg4 Nb4 32. Bd1 Kf7 33. Kg2 Re7 34. Kf3 Rxe5 35. fxe5 Ke6 36. Ke4 g6 37. Kxd4 1-0


[Site "https://www.chess.com"]

[Event "Titled Tuesday Blitz January 03 Late 2023"]
[White "Berezin, Viktor"]
[Black "Vasquez Schroeder, Rodrigo"]
[WhiteFideId "14107872"]
[BlackFideId "3400042"]
[WhiteElo "2307"]
[BlackElo "2524"]
[Result "0-1"]
[Round "03"]
[TimeControl "180+2"]
[Date "2023.01.03"]
[WhiteClock "0:00:04"]
[BlackClock "0:00:19"]

1. d4 Nf6 2. Nf3 e6 3. c4 b6 4. g3 Bb7 5. Bg2 Bb4+ 6. Nbd2 O-O 7. O-O a5 8. Qc2 Bxd2 9. Bxd2 Be4 10. Qc1 d6 11. Rd1 Nbd7 12. Bc3 Qe7 13. Bh3 h6 14. Ne1 d5 15. f3 Bg6 16. b3 c6 17. Qd2 Rfc8 18. Rac1 a4 19. Nd3 axb3 20. axb3 Bf5 21. Bg2 c5 22. dxc5 bxc5 23. cxd5 exd5 24. Bxf6 Nxf6 25. Nf4 d4 26. b4 g5 27. Nd3 cxb4 28. Nxb4 Rxc1 29. Rxc1 Ra4 30. Nc6 Qd6 31. e4 Bd7 32. e5 Qe6 33. f4 Ng4 34. f5 Qa2 35. Qxa2 Rxa2 36. Nxd4 Ne3 37. Be4 Ra4 38. Re1 Ng4 39. Nf3 Ra3 40. h3 Ne3 41. Kf2 Nxf5 42. Bxf5 Bxf5 43. Rc1 Bxh3 44. Rc7 Bg4 45. Ne1 Ra2+ 46. Kg1 Re2 47. Ng2 Rxe5 48. Rc6 Kg7 49. Kf2 Re2+ 50. Kg1 Rd2 51. Ne3 Be6 52. Rc5 Re2 53. Nc2 Re4 54. Kf2 Rc4 55. Rxc4 Bxc4 56. Ne3 Be6 57. Ng2 Kf6 58. Ne1 Ke5 59. Ke3 Kf5 60. Nf3 Kg4 61. Kf2 f6 62. Nd4 Bd5 63. Nb5 f5 64. Nc7 Bf7 65. Nb5 f4 66. Nd6 fxg3+ 67. Kg1 Bg6 68. Nc4 h5 69. Ne5+ Kf5 70. Nf3 h4 71. Nd4+ Kg4 72. Ne6 Be4 73. Nc5 Bf5 74. Nb7 h3 75. Nd6 h2+ 76. Kg2 Bg6 77. Kh1 Kh3 78. Ne4 g2# 0-1


[Site "https://www.chess.com"]

[Event "Titled Tuesday Blitz January 03 Late 2023"]
[White "Droin, Augustin"]
[Black "Boros, Denes"]
[WhiteFideId "45105987"]
[BlackFideId "722340"]
[WhiteElo "2436"]
[BlackElo "2406"]
[Result "0-1"]
[Round "03"]
[TimeControl "180+2"]
[Date "2023.01.03"]
[WhiteClock "0:00:26"]
[BlackClock "0:00:21"]

1. e4 g6 2. d4 d5 3. exd5 Qxd5 4. Nf3 Bg7 5. Nbd2 Nf6 6. Bc4 Qd6 7. O-O O-O 8. c3 c5 9. dxc5 Qxc5 10. Qe2 Qc7 11. h3 Nc6 12. a4 b6 13. Nb3 Bb7 14. Re1 e6 15. Bg5 h6 16. Bh4 Nh5 17. Qe3 Nb4 18. cxb4 Qxc4 19. b5 g5 20. Bg3 Rad8 21. Be5 Rd3 22. Nbd2 Qd5 23. Qe4 Bxe5 24. Qxd5 Bxd5 25. Rxe5 Nf4 26. Ra3 Rc8 27. Re3 Rc1+ 28. Kh2 Rxa3 29. Rxa3 Rc2 30. Rc3 Rxb2 31. Rc8+ Kg7 32. Rc7 Nxg2 33. Kg3 Nh4 34. Rc3 Nf5+ 35. Kh2 Ra2 36. Kg1 Rxa4 37. Ne5 Ra1+ 38. Nf1 Nd4 39. Re3 f6 40. Nd3 Nf3+ 41. Kg2 Nd2+ 42. f3 Nxf1 0-1


[Site "https://www.chess.com"]

[Event "Titled Tuesday Blitz January 03 Late 2023"]
[White "Bryakin, Mikhail"]
[Black "Silva, Miguel Antonio Neto"]
[WhiteFideId "4165314"]
[BlackFideId "1911929"]
[WhiteElo "2455"]
[BlackElo "2204"]
[Result "1-0"]
[Round "03"]
[TimeControl "180+2"]
[Date "2023.01.03"]
[WhiteClock "0:00:35"]
[BlackClock "0:00:14"]

1. d4 Nf6 2. Bg5 Ne4 3. h4 c5 4. d5 Qb6 5. Qc1 g6 6. Nf3 Bg7 7. c3 d6 8. Nbd2 Nxg5 9. hxg5 h5 10. e4 Bg4 11. a4 Nd7 12. a5 Qc7 13. Bb5 a6 14. Bc4 O-O 15. Nh2 Ne5 16. Nxg4 Nxg4 17. Be2 e6 18. Bxg4 hxg4 19. Nc4 exd5 20. exd5 Rfe8+ 21. Kf1 Re4 22. Nb6 Rae8 23. Qd2 Qe7 24. g3 Re2 25. Qf4 Re4 26. Qd2 Qe5 27. Nd7 Qf5 28. Nf6+ Bxf6 29. gxf6 Qxf6 30. Qh6 Qg7 31. Qg5 R4e5 32. Qxg4 Rxd5 33. Qf3 Rf5 34. Qxb7 Qf6 35. Rh2 Kg7 36. Qxa6 Ree5 37. Qd3 Rf3 38. Qd2 Ref5 39. Qh6+ Kg8 40. Qh7+ Kf8 41. Qh8+ Qxh8 42. Rxh8+ Kg7 43. Rh2 Rxg3 44. a6 1-0


[Site "https://www.chess.com"]

[Event "Titled Tuesday Blitz January 03 Late 2023"]
[White "Jimenez Almeida, Luis David"]
[Black "Avila Pavas, Santiago"]
[WhiteFideId "22242244"]
[BlackFideId "4437128"]
[WhiteElo "2242"]
[BlackElo "2522"]
[Result "1-0"]
[Round "03"]
[TimeControl "180+2"]
[Date "2023.01.03"]
[WhiteClock "0:00:44"]
[BlackClock "0:00:46"]

1. e4 Nf6 2. e5 Nd5 3. c4 Nb6 4. d4 d6 5. f4 g5 6. exd6 Qxd6 7. fxg5 Bg7 8. Nf3 Bg4 9. c5 Qe6+ 10. Qe2 Na4 11. Qxe6 fxe6 12. Bb5+ Nc6 13. Bxa4 O-O-O 14. Bxc6 bxc6 15. Be3 Bxf3 16. gxf3 Bxd4 17. Bxd4 Rxd4 18. Nc3 Rf8 19. Ke2 Rf5 20. Ne4 Re5 21. Rhd1 Rb4 22. b3 a5 23. Ke3 a4 24. Rd4 Rxd4 25. Kxd4 Rd5+ 26. Kc3 axb3 27. axb3 Rf5 28. Rf1 Kb7 29. h4 Kc8 30. h5 Kd7 31. h6 Ke8 32. Kd4 Kf7 33. b4 Kg6 34. Ke3 Rd5 35. f4 Rd8 36. Ra1 Rb8 37. Ra4 Kf5 38. Kf3 Rd8 39. Ng3+ Kg6 40. Ke4 Rd1 41. Ra6 Rb1 42. Rxc6 Rxb4+ 43. Ke5 Rc4 44. Ne4 Rc1 45. Rxc7 Rc4 46. Rxe7 Kh5 47. Rxh7 Kg6 48. Rg7+ Kh5 49. h7 Kg4 50. Re7 Kf3 51. h8=Q Rxe4+ 52. Kd6 Kxf4 53. Rf7+ Kg4 54. Qe5 Ra4 55. Qxe6+ Kh5 56. Rh7+ Kxg5 57. Qh6+ Kf5 58. Rf7+ Ke4 59. Qh4+ 1-0


[Site "https://www.chess.com"]

[Event "Titled Tuesday Blitz January 03 Late 2023"]
[White "Rustemov, Alexander"]
[Black "Herman, Daniel"]
[WhiteFideId "4119002"]
[BlackFideId "30935008"]
[WhiteElo "2525"]
[BlackElo "1956"]
[Result "1-0"]
[Round "03"]
[TimeControl "180+2"]
[Date "2023.01.03"]
[WhiteClock "0:00:09"]
[BlackClock "0:00:09"]

1. d4 Nf6 2. c4 g6 3. Nf3 Bg7 4. g3 O-O 5. Bg2 c6 6. b3 d5 7. Nbd2 a5 8. a3 Bf5 9. Bb2 Ne4 10. O-O Nd7 11. Rc1 b5 12. c5 Nxd2 13. Qxd2 Be4 14. Rfd1 Qc7 15. Bc3 a4 16. b4 Rae8 17. Qb2 e5 18. Nxe5 Nxe5 19. dxe5 Bxg2 20. Kxg2 Bxe5 21. e3 f5 22. Bxe5 Rxe5 23. Rd4 Rfe8 24. h4 Qg7 25. Rcd1 Re4 26. Qc2 h6 27. R1d2 g5 28. hxg5 hxg5 29. Qd1 f4 30. Rxe4 Rxe4 31. exf4 gxf4 32. Rd3 Re6 33. Qh5 Rg6 34. Rf3 fxg3 35. fxg3 Qb2+ 36. Rf2 Qg7 37. Rf3 Qb2+ 38. Kh3 Qg7 39. Qf5 Rh6+ 40. Kg2 Qb2+ 41. Rf2 Qg7 42. Qc8+ Kh7 43. Qe8 Rf6 44. Re2 Rf7 45. Qxc6 Qg4 46. Qe6 Qf3+ 47. Kh2 Qh5+ 48. Kg1 Qf3 49. Qe3 Qf1+ 50. Kh2 Qf5 51. Qe5 Kg6 52. Qxf5+ Kxf5 53. Rf2+ 1-0


[Site "https://www.chess.com"]

[Event "Titled Tuesday Blitz January 03 Late 2023"]
[White "Tanenbaum, Zachary"]
[Black "Martin Carmona, Gaston Manuel"]
[WhiteFideId "2060850"]
[BlackFideId "22284567"]
[WhiteElo "2261"]
[BlackElo "2333"]
[Result "1/2-1/2"]
[Round "03"]
[TimeControl "180+2"]
[Date "2023.01.03"]
[WhiteClock "0:00:05"]
[BlackClock "0:00:06"]

1. e4 c5 2. Nf3 d6 3. d4 cxd4 4. Nxd4 Nf6 5. Nc3 g6 6. Be3 Bg7 7. f3 Nc6 8. Qd2 O-O 9. g4 Nxd4 10. Bxd4 Be6 11. O-O-O Qa5 12. Kb1 Rfc8 13. a3 Rab8 14. h4 b5 15. Nd5 Qxd2 16. Rxd2 Nxd5 17. exd5 Bxd5 18. Bxg7 Bxf3 19. Rh3 Bxg4 20. Rg3 Kxg7 21. Rxg4 Rc5 22. Bd3 a5 23. Rf2 Rf8 24. Rg5 f5 25. h5 Rf6 26. hxg6 hxg6 27. Re2 e5 28. b4 axb4 29. axb4 Rd5 30. Kb2 e4 31. Bxe4 Rd4 32. Bd3 Rxb4+ 33. Kc3 Rb1 34. Re7+ Rf7 35. Re6 Rf6 36. Re8 b4+ 37. Kc4 Rf7 38. Re6 Rf6 39. Kd5 b3 40. cxb3 Rxb3 41. Bc4 Rb4 42. Re8 f4 43. Rg1 f3 44. Kd4 Rf4+ 45. Ke3 Rbxc4 46. Re7+ Kf6 47. Re8 f2 48. Rf1 Rf5 49. Rf8+ Ke5 50. Re8+ Kf6 51. Rf8+ Kg5 52. Rxf5+ gxf5 53. Rxf2 Re4+ 54. Kd3 d5 55. Rf1 d4 56. Rg1+ Kf6 57. Rf1 Ke5 58. Rh1 Re3+ 59. Kd2 Ke4 60. Rh8 f4 61. Rd8 Ra3 62. Re8+ Kf3 63. Rd8 d3 64. Rf8 Kg3 65. Rg8+ Kf2 66. Rf8 f3 67. Rf7 Kg2 68. Rg7+ Kf1 69. Rf7 f2 70. Rg7 Ra2+ 71. Kxd3 Ke1 72. Re7+ Kd1 73. Rf7 Ra3+ 74. Kd4 Ke2 75. Re7+ Kd2 76. Rf7 Ra4+ 77. Kd5 Ke2 78. Re7+ Kf3 79. Ke6 Re4+ 80. Kf6 Rxe7 81. Kf5 f1=Q 82. Kg6 Qg2+ 83. Kf5 Qg7 1/2-1/2


[Site "https://www.chess.com"]

[Event "Titled Tuesday Blitz January 03 Late 2023"]
[White "Kalogeris, Ioannis"]
[Black "Dourerassou, Jonathan"]
[WhiteFideId "4239563"]
[BlackFideId "628050"]
[WhiteElo "2423"]
[BlackElo "2414"]
[Result "0-1"]
[Round "03"]
[TimeControl "180+2"]
[Date "2023.01.03"]
[WhiteClock "0:01:07"]
[BlackClock "0:01:49"]

1. e4 e6 2. d4 d5 3. Nc3 dxe4 4. Nxe4 Nd7 5. Nf3 Ngf6 6. Bg5 Be7 7. Bxf6 Nxf6 8. Bd3 Nxe4 9. Bxe4 c5 10. dxc5 Qa5+ 11. c3 Qxc5 12. O-O O-O 13. Qb3 Qc7 14. Rfd1 Kh8 15. Rd2 f5 16. Bc2 e5 17. Re1 e4 18. Nd4 Bg5 19. Rdd1 Bd7 20. Qd5 Rae8 21. Bb3 e3 22. fxe3 Bxe3+ 23. Kh1 f4 24. Nf3 Bc6 25. Qh5 g6 26. Qh3 Rf5 27. Nd4 Rh5 28. Qg4 f3 0-1


[Site "https://www.chess.com"]

[Event "Titled Tuesday Blitz January 03 Late 2023"]
[White "Fiorito, Joaquin"]
[Black "Erdogdu, Mert"]
[WhiteFideId "180173"]
[BlackFideId "6301495"]
[WhiteElo "2405"]
[BlackElo "2413"]
[Result "1-0"]
[Round "03"]
[TimeControl "180+2"]
[Date "2023.01.03"]
[WhiteClock "0:01:26"]
[BlackClock "0:00:23"]

1. d4 d5 2. Nc3 c5 3. e4 dxe4 4. d5 Nf6 5. Bf4 a6 6. a4 Bg4 7. Qd2 Nbd7 8. h3 Bh5 9. a5 h6 10. Bc4 g5 11. Bh2 Bg7 12. Nge2 O-O 13. O-O b5 14. axb6 Nxb6 15. Ba2 c4 16. Ng3 Bg6 17. Rad1 Qd7 18. Rfe1 Rfd8 19. Ngxe4 Bxe4 20. Nxe4 Nfxd5 21. Qe2 Qb5 22. c3 Nf4 23. Bxf4 gxf4 24. Bb1 Na4 25. Qg4 f5 26. Nf6+ exf6 27. Bxf5 Rxd1 28. Rxd1 Qe8 29. Rd7 Qf8 30. Qg6 1-0


[Site "https://www.chess.com"]

[Event "Titled Tuesday Blitz January 03 Late 2023"]
[White "Reprintsev, Alexander"]
[Black "Antonica, Dragos-Andrei"]
[WhiteFideId "14100541"]
[BlackFideId "1246372"]
[WhiteElo "2253"]
[BlackElo "2373"]
[Result "1-0"]
[Round "03"]
[TimeControl "180+2"]
[Date "2023.01.03"]
[WhiteClock "0:00:46"]
[BlackClock "0:00:49"]

1. e4 d6 2. d4 Nf6 3. Nc3 Nbd7 4. g4 h6 5. Bg2 e5 6. Be3 c6 7. h3 Be7 8. Qd2 Qc7 9. Nge2 b5 10. Ng3 Nf8 11. Nf5 g6 12. Nxe7 Qxe7 13. a4 b4 14. Ne2 Ne6 15. Qxb4 exd4 16. Bxd4 c5 17. Bxf6 Qxf6 18. Qc3 Qxc3+ 19. Nxc3 Nd4 20. O-O-O Be6 21. e5 O-O-O 22. exd6 Rxd6 23. Ne4 Ne2+ 24. Kb1 Rxd1+ 25. Rxd1 Nf4 26. Bf1 h5 27. Nxc5 h4 28. Nxe6 fxe6 29. b4 Rf8 30. Kb2 Nd5 31. Bc4 Nxb4 32. Bxe6+ Kc7 33. Rd7+ Kb6 34. Rf7 Re8 35. Bb3 Re2 36. Rf6+ Kc5 37. Rxg6 Rxf2 38. Rg5+ Kd4 39. Rh5 Nd3+ 40. Ka3 Nc5 41. Rd5+ 1-0


[Site "https://www.chess.com"]

[Event "Titled Tuesday Blitz January 03 Late 2023"]
[White "Bochnicka, Vladimir"]
[Black "Nasuta, Grzegorz"]
[WhiteFideId "14943450"]
[BlackFideId "1141686"]
[WhiteElo "2327"]
[BlackElo "2552"]
[Result "0-1"]
[Round "03"]
[TimeControl "180+2"]
[Date "2023.01.03"]
[WhiteClock "0:00:27"]
[BlackClock "0:01:15"]

1. e4 c5 2. Nf3 e6 3. d4 cxd4 4. Nxd4 a6 5. c4 Nf6 6. Nc3 Qc7 7. a3 b6 8. Be3 Bb7 9. f3 Be7 10. Bd3 d6 11. O-O Nbd7 12. Rc1 O-O 13. b4 Rfc8 14. Nb3 Qd8 15. f4 Rab8 16. g4 d5 17. cxd5 exd5 18. e5 Ne4 19. Nxe4 dxe4 20. Be2 Rxc1 21. Qxc1 Nf8 22. Rd1 Qe8 23. Bxb6 e3 24. Na5 Ba8 25. Bxe3 Ng6 26. Qd2 Qa4 27. Qd7 Qc2 28. Rd2 Qe4 29. Kf2 Bh4+ 0-1


[Site "https://www.chess.com"]

[Event "Titled Tuesday Blitz January 03 Late 2023"]
[White "UnknownMagician"]
[Black "Kulkarni, Rakesh"]
[BlackFideId "5037077"]
[WhiteElo "2670"]
[BlackElo "2321"]
[Result "0-1"]
[Round "03"]
[TimeControl "180+2"]
[Date "2023.01.03"]
[WhiteClock "0:00:04"]
[BlackClock "0:00:17"]

1. c4 e5 2. Nc3 Nc6 3. g3 Nf6 4. Bg2 Bc5 5. e3 O-O 6. Nge2 a5 7. O-O Re8 8. d4 exd4 9. exd4 Bf8 10. b3 Ne7 11. d5 d6 12. Nd4 Ng6 13. Qc2 Bg4 14. h3 Bd7 15. Nf5 a4 16. Be3 Qc8 17. g4 Bxf5 18. Qxf5 Qxf5 19. gxf5 Nh4 20. Nxa4 Nxf5 21. Bf4 b6 22. Nc3 g6 23. Nb5 Rac8 24. Rae1 Nh4 25. Bh1 Bg7 26. Rxe8+ Nxe8 27. Re1 f5 28. Re7 Bf6 29. Rd7 g5 30. Be3 Ng6 31. h4 h6 32. hxg5 hxg5 33. Kf1 Nf8 34. Rxc7 Nxc7 35. Nxd6 Ra8 36. Bxb6 Rxa2 37. Bxc7 Ra1+ 38. Kg2 Ng6 39. Nxf5 Rb1 40. c5 Rxb3 41. d6 Nf4+ 42. Kh2 Be5 43. Ne3 Kf8 44. Bc6 Rb2 45. Kg1 Rb1+ 46. Kh2 Rb2 47. Kg1 Rc2 48. Kf1 Rxc5 49. Nd1 Rxc6 50. Ke1 Bxd6 0-1


[Site "https://www.chess.com"]

[Event "Titled Tuesday Blitz January 03 Late 2023"]
[White "Martins, Bruno Andre Leite"]
[Black "Domingo Nunez, Alejandro"]
[WhiteFideId "1942255"]
[BlackFideId "22245561"]
[WhiteElo "2348"]
[BlackElo "2338"]
[Result "0-1"]
[Round "03"]
[TimeControl "180+2"]
[Date "2023.01.03"]
[WhiteClock "0:00:02"]
[BlackClock "0:00:02"]

1. e4 g6 2. d4 Bg7 3. Nc3 c6 4. Nf3 d5 5. h3 dxe4 6. Nxe4 Nf6 7. Nxf6+ exf6 8. Bc4 O-O 9. O-O a5 10. a4 Na6 11. c3 Nc7 12. Bf4 Nd5 13. Bh2 Be6 14. Qb3 b6 15. Rfe1 Re8 16. Nd2 Bf8 17. Re2 Kg7 18. Rae1 h5 19. Qc2 Qd7 20. Bd3 b5 21. Ne4 b4 22. c4 b3 23. Qd2 Bb4 24. Qc1 Bxe1 25. cxd5 Qxd5 26. Qxe1 Bf5 27. Nxf6 Rxe2 28. Bxe2 Kxf6 29. Be5+ Ke7 30. Bf3 Qe6 31. Qc3 Rc8 32. Qc5+ Ke8 33. Qxa5 Qc4 34. Qa7 Bd7 35. Kh2 Qc2 36. Bf6 Qc1 37. Be5 f6 38. Bd6 Qxb2 39. Qc5 Qc2 40. Qa5 Qf5 41. Qb4 Qc2 42. d5 b2 43. dxc6 b1=Q 44. cxd7+ Kxd7 45. Qd4 Qd3 46. Qxf6 Qxd6+ 47. Qxd6+ Kxd6 0-1


[Site "https://www.chess.com"]

[Event "Titled Tuesday Blitz January 03 Late 2023"]
[White "Haydon, David L"]
[Black "Blanco Acevedo, Cristobal Jose"]
[WhiteFideId "415405"]
[BlackFideId "3900525"]
[WhiteElo "2253"]
[BlackElo "2310"]
[Result "0-1"]
[Round "03"]
[TimeControl "180+2"]
[Date "2023.01.03"]
[WhiteClock "0:01:14"]
[BlackClock "0:01:28"]

1. e4 c5 2. Nf3 Nc6 3. Bb5 e6 4. Bxc6 bxc6 5. O-O Ne7 6. d3 Ng6 7. Nc3 e5 8. Re1 d6 9. h3 Be7 10. a3 a5 11. Rb1 O-O 12. Be3 f5 13. exf5 Bxf5 14. Qe2 Qd7 15. Ne4 h6 16. Ng3 Be6 17. d4 cxd4 18. Bxd4 Nf4 19. Qd2 exd4 20. Nxd4 Bd5 21. f3 Bh4 22. Ndf5 Rxf5 23. Nxf5 Qxf5 24. Re3 Qg5 25. Kh1 Nxg2 26. Rd3 Qxd2 27. Rxd2 Nf4 28. Rxd5 Nxd5 0-1


[Site "https://www.chess.com"]

[Event "Titled Tuesday Blitz January 03 Late 2023"]
[White "Ibadov, Dashgyn"]
[Black "Abrahamyan, Tatev"]
[WhiteFideId "24107514"]
[BlackFideId "13301918"]
[WhiteElo "2391"]
[BlackElo "2294"]
[Result "0-1"]
[Round "03"]
[TimeControl "180+2"]
[Date "2023.01.03"]
[WhiteClock "0:01:25"]
[BlackClock "0:01:23"]

1. e4 e6 2. d4 d5 3. Nc3 Bb4 4. e5 Ne7 5. a3 Bxc3+ 6. bxc3 c5 7. h4 Qa5 8. Bd2 Nbc6 9. h5 h6 10. Qg4 Nf5 11. Bd3 Rg8 12. Nf3 Qa4 13. Qf4 c4 14. Bxf5 exf5 15. Ra2 Be6 16. O-O O-O-O 17. Nh4 Ne7 18. g3 Qd7 19. a4 g5 20. hxg6 Nxg6 21. Nxg6 fxg6 22. Qxh6 Rh8 23. Qxg6 f4 24. Qxe6 0-1


[Site "https://www.chess.com"]

[Event "Titled Tuesday Blitz January 03 Late 2023"]
[White "Ladan, Nicholas"]
[Black "Hsu, Li Yang"]
[WhiteFideId "30918855"]
[BlackFideId "5800080"]
[WhiteElo "2228"]
[BlackElo "2427"]
[Result "0-1"]
[Round "03"]
[TimeControl "180+2"]
[Date "2023.01.03"]
[WhiteClock "0:00:03"]
[BlackClock "0:00:16"]

1. d4 Nf6 2. Bf4 g6 3. Nc3 d5 4. e3 Bg7 5. h4 h5 6. Bd3 O-O 7. Nf3 Bg4 8. Qd2 Bxf3 9. gxf3 c5 10. dxc5 Qa5 11. O-O-O Qxc5 12. Rhg1 Kh7 13. Rg5 Bh6 14. Rdg1 Bxg5 15. Rxg5 e6 16. Be5 Nbd7 17. Bd4 Qe7 18. f4 Rfc8 19. Qe2 Kg8 20. Nb1 Kf8 21. Nd2 Ke8 22. Nf3 Kd8 23. Ne5 Nxe5 24. fxe5 Nd7 25. f4 a6 26. e4 dxe4 27. Bxe4 Rc7 28. Bf2 Rac8 29. c3 Ke8 30. Rg3 Nc5 31. Bc2 Qd7 32. Bd4 Qc6 33. Qf3 Qxf3 34. Rxf3 b5 35. Kd2 Nd7 36. Rd3 b4 37. Bb3 bxc3+ 38. bxc3 Nc5 39. Rg3 Ne4+ 0-1


[Site "https://www.chess.com"]

[Event "Titled Tuesday Blitz January 03 Late 2023"]
[White "Popilski, Gil"]
[Black "Jovic, Stanoje"]
[WhiteFideId "2809060"]
[BlackFideId "905020"]
[WhiteElo "2443"]
[BlackElo "2075"]
[Result "1-0"]
[Round "03"]
[TimeControl "180+2"]
[Date "2023.01.03"]
[WhiteClock "0:00:07"]
[BlackClock "0:00:03"]

1. e4 c6 2. d4 d5 3. exd5 cxd5 4. c4 Nf6 5. Nc3 Nc6 6. Bg5 dxc4 7. Bxc4 e6 8. d5 exd5 9. Nxd5 Be7 10. Nxe7 Qxe7+ 11. Qe2 Nd4 12. Qxe7+ Kxe7 13. O-O-O Be6 14. Bxe6 Nxe6 15. Bh4 Rac8+ 16. Kb1 g5 17. Bg3 Ne4 18. Ne2 h5 19. f3 Nxg3 20. hxg3 Rcd8 21. Rxd8 Kxd8 22. Nc3 f5 23. Re1 Kd7 24. Re5 Rf8 25. Kc2 Nd4+ 26. Kd3 Nc6 27. Rb5 b6 28. Nd5 Ke6 29. Ne3 Rd8+ 30. Kc3 Nd4 31. Rb4 Ne2+ 32. Kc2 Nd4+ 33. Kb1 Ne2 34. g4 f4 35. Nf5 hxg4 36. fxg4 Kf6 37. Re4 Ng3 38. Nxg3 fxg3 39. Re3 Rd2 40. Rxg3 Ke6 41. Re3+ Kd5 42. Rf3 Rxg2 43. Rf5+ Ke4 44. Rxg5 Kf4 45. Rg7 Rxg4 46. Rxa7 Rg6 47. Re7 Rc6 48. a3 Kf5 49. Ka2 Kf6 50. Re3 Rd6 51. Kb3 Rd4 52. Re2 Rh4 53. Kc3 b5 54. Kb3 Rg4 55. Rc2 Ke6 56. Rc5 b4 57. a4 Kd6 58. Rc4 Rg2 59. Rxb4 Kc5 60. Rc4+ Kb6 61. Rc3 Rg4 62. Ka3 Ka5 63. b4+ Kb6 64. a5+ Kb5 65. Rc5+ Ka6 66. Ka4 Rg1 67. Rc6+ Kb7 68. Rh6 Rg5 69. a6+ Ka7 70. b5 Rg1 71. Rh7+ Kb6 72. Rb7+ Kc5 73. Kb3 Rb1+ 74. Kc3 Rc1+ 75. Kd3 Rd1+ 76. Ke2 Ra1 77. a7 Ra3 78. b6 1-0


[Site "https://www.chess.com"]

[Event "Titled Tuesday Blitz January 03 Late 2023"]
[White "Gascon Del Nogal, Jose Rafael"]
[Black "Khandelwal, Ankush"]
[WhiteFideId "3902463"]
[BlackFideId "413470"]
[WhiteElo "2459"]
[BlackElo "2205"]
[Result "1-0"]
[Round "03"]
[TimeControl "180+2"]
[Date "2023.01.03"]
[WhiteClock "0:00:04"]
[BlackClock "0:00:06"]

1. e4 c5 2. Nf3 d6 3. d4 cxd4 4. Nxd4 Nf6 5. Nc3 a6 6. Nb3 e5 7. Bg5 Be6 8. f4 exf4 9. Qd2 Nbd7 10. O-O-O Be7 11. Bxf4 Ne5 12. Nd4 Qc7 13. Nf5 Bxf5 14. exf5 O-O 15. Be2 b5 16. Kb1 Rfc8 17. Bxe5 dxe5 18. Bf3 Rab8 19. Nd5 Nxd5 20. Bxd5 a5 21. g4 a4 22. f6 Bxf6 23. Rhf1 a3 24. g5 Bxg5 25. Rxf7 Bxd2 26. Rxc7+ Kh8 27. Rxc8+ Rxc8 28. Rxd2 axb2 29. Kxb2 g5 30. c4 bxc4 31. Kc3 Kg7 32. a4 Kf6 33. a5 Rc5 34. a6 Ra5 35. Bb7 e4 36. Kxc4 Ke5 37. Kb4 Ra1 38. Kb3 e3 39. Re2 Kd4 40. Rg2 Kd3 41. Kb4 e2 42. Rg3+ Kd2 43. Rg2 Kd1 44. Bf3 Ra2 45. Bxe2+ Rxe2 46. Rxe2 Kxe2 47. a7 1-0


[Site "https://www.chess.com"]

[Event "Titled Tuesday Blitz January 03 Late 2023"]
[White "Fernandez Garcia, Gumersindo"]
[Black "Milosevic, Milos"]
[WhiteFideId "24516740"]
[BlackFideId "964875"]
[WhiteElo "2160"]
[BlackElo "2420"]
[Result "1-0"]
[Round "03"]
[TimeControl "180+2"]
[Date "2023.01.03"]
[WhiteClock "0:00:31"]
[BlackClock "0:00:07"]

1. d4 Nf6 2. c4 d6 3. Nf3 g6 4. Nc3 Bg7 5. Bg5 O-O 6. e3 Nbd7 7. Be2 e5 8. dxe5 dxe5 9. O-O c6 10. Qc2 Qc7 11. Rad1 Nc5 12. b4 Bf5 13. Qb2 Ne6 14. Bh4 e4 15. Bg3 Qb6 16. Nd2 a5 17. a3 Nd7 18. Qb3 axb4 19. axb4 h5 20. c5 Ndxc5 21. Qc4 Na6 22. Rb1 Rfd8 23. Ndxe4 Bxc3 24. Nxc3 Bxb1 25. Rxb1 Nac7 26. Ne4 Nd5 27. h3 Qa6 28. Qc2 Qa2 29. Rb2 Qa1+ 30. Kh2 Nec7 31. Bc4 Nb5 32. Bxd5 cxd5 33. Nf6+ Kf8 34. Qc5+ Kg7 35. Be5 Kh6 36. Qe7 Rf8 37. Ng4+ hxg4 38. Qh4# 1-0


[Site "https://www.chess.com"]

[Event "Titled Tuesday Blitz January 03 Late 2023"]
[White "Volkov, Maksim"]
[Black "Goncalves, Davi Sulzbacher"]
[WhiteFideId "54123070"]
[BlackFideId "2154510"]
[WhiteElo "2258"]
[BlackElo "2282"]
[Result "1/2-1/2"]
[Round "03"]
[TimeControl "180+2"]
[Date "2023.01.03"]
[WhiteClock "0:00:43"]
[BlackClock "0:00:05"]

1. d4 Nf6 2. c4 g6 3. Nf3 Bg7 4. g3 O-O 5. Bg2 c6 6. O-O d5 7. cxd5 cxd5 8. Nc3 Ne4 9. Ne5 Nxc3 10. bxc3 Nc6 11. Bf4 Nxe5 12. Bxe5 Bxe5 13. dxe5 Be6 14. Rb1 b6 15. c4 dxc4 16. Bxa8 Qxa8 17. f3 Rd8 18. Qc2 Qd5 19. Qc3 Qd2 20. Qxd2 Rxd2 21. Kf2 Rxa2 22. Ra1 Rxa1 23. Rxa1 b5 24. Ke3 b4 25. Kd2 c3+ 26. Kc2 Bc4 27. e4 Be2 28. Rxa7 Bxf3 29. Kb3 Bxe4 30. Rxe7 c2 31. Rc7 g5 32. Kxb4 g4 33. Rc3 Bf5 34. Kc4 Kf8 35. Kd4 Ke7 36. Ke3 Ke6 37. Kf4 h5 38. Rc5 Bg6 39. Kg5 Ke7 40. Rc6 Kd7 41. Rc3 Ke7 42. Rc7+ Ke6 43. Kf4 Kd5 44. Rc8 Kd4 45. e6 fxe6 46. Kg5 Bf5 47. Kxh5 Kd3 48. Kg5 Kd2 49. Rd8+ Ke1 50. Rc8 Kd2 51. Rd8+ Bd3 52. Rc8 c1=Q 53. Rxc1 Kxc1 54. Kxg4 Kd2 55. Kf4 Kc3 56. Ke5 Bf5 57. h4 Kd3 58. h5 Ke3 59. g4 Bxg4 60. h6 Bf5 61. h7 Bxh7 62. Kxe6 1/2-1/2


[Site "https://www.chess.com"]